AoeStats
← Majsner_Of_Puppets

Arabia

510610610Analyzed
1v1 RM · 13h ago on Oct 1, 2026· 47m 51s· 2 players
Game mode
Random Map
Map size
Tiny (2 player)
Population
200
Speed
Normal
Resources
Standard
Victory
Conquest
Starting age
Dark Age
Ending age
Imperial Age
RankedLock teamsTeams togetherTeam positionsShared explorationLock speedFull tech treeHidden civsTurbo modeCheats
Victory
Defeat
🇨🇿 Magyars · Czechia
1223
+15
🇩🇪 Jurchens · Germany
1208
-15
Yucatar
9:50 Feudal Age
8:30 Loom
12:09 Double-Bit Axe
13:53 Horse Collar
20:51 Castle Age
19:38 Arson
20:00 Scale Barding Armor
21:25 Wheelbarrow
22:01 Bow Saw
21:52 Heavy Plow
22:43 Bloodlines
22:34 Husbandry
23:23 Chain Barding Armor
27:19 Forging
31:03 Iron Casting
30:54 Fletching
32:13 Bodkin Arrow
33:03 Elite Skirmisher
33:44 Padded Archer Armor
37:38 Imperial Age
35:48 Leather Archer Armor
37:00 Ballistics
39:09 Plate Barding Armor
39:54 Chemistry
43:54 Bracer
Majsner_Of_Puppets
6:41 Loom
9:05 Feudal Age
9:33 Double-Bit Axe
19:46 Castle Age
18:51 Bloodlines
18:38 Horse Collar
18:50 Gold Mining
19:22 Fletching
19:32 Padded Archer Armor
20:49 Wheelbarrow
21:28 Bodkin Arrow
22:15 Bow Saw
28:57 Thumb Ring
29:08 Leather Archer Armor
31:49 Ballistics
31:40 Husbandry
33:05 Scale Barding Armor
36:05 Imperial Age
35:01 Hand Cart
34:32 Town Watch
36:34 Chain Barding Armor
36:48 Bracer
39:44 Chemistry
40:23 Ring Archer Armor
41:28 Light Cavalry
42:49 Plate Barding Armor
42:28 Recurve Bow
42:50 Conscription
42:18 Hussar
44:54 Heavy Cavalry Archer
Connection lost

Rejoining the realm…

Still unreachable

The connection could not be restored.

Session expired

The server has moved on; the page needs a fresh start.